cohdb
Replays
Latest Replays
All Replays
Popular Replays
Top Player Replays
Match Explorer
How It Works
Community
CoH3 Stats
Reddit
Sign in to upload your games and track your stats! →
Sign in with Steam
Match 42841431
Unlisted
Match 42841431
Overview
Messages
Build Orders
End
Vickers Machine Gun Team
Construct Section Command Post
Infantry Section
Infantry Section
Selects Canadian Shock Battlegroup
Selects Attacking Spirit
Selects Canadian Shock Section
Construct Platoon Command Post
CMP 15cwt Truck
Unlock M3 Stuart Light Tanks
M3 Stuart Light Tank
M3 Stuart Light Tank
Grenade Package
Selects Burnout
Jew
Vivian
JIN
Crazybug
BigShoota
ILoveGingers
gUi
ganxuezhao1
0
0
Comments
sign in to comment!
No comments posted yet!